[Event "New Zealand Rapid Championship"]
[Site "Wellington"]
[ePGN "0.1;DGT LiveChess/2.2.5"]
[Date "2023.01.11"]
[Round "1.1"]
[White "Nazeer, Afique"]
[Black "Shoker, Samy"]
[Result "0-1"]
[TimeControl "25+5"]
[BlackTitle "GM"]
[WhiteFideId "9970703"]
[BlackFideId "627143"]
[WhiteElo "1669"]
[BlackElo "2440"]

1. d4 Nf6 2. c4 g6 3. Nc3 Bg7 4. Nf3 d6 5. g3 O-O 6. Bg2 Nc6 7. O-O a6 8. Re1 Rb8 9. a3 Nd7 10. b4 e5 11. d5 Ne7 12.
e4 h6 13. Qc2 f5 14. Bb2 Nf6 15.
Re2 g5 16. Nd2 f4 17. f3 h5 18. Nf1 Ng6 19. Qd3 g4 20. Bc1 Bh6 21. Qc2 Kh7 22. Bd2 h4 23. gxh4 Nxh4 24. Rf2 Rg8 25.
Kh1 Nxg2 26. Rxg2 gxf3 27. Rf2 Bh3 28. Rxf3 Bg2+ 29. Kg1 Bxf3+ 30. Kf2 Bh5 31. Ne2 Ng4+ 32. Ke1 Qh4+ 33. Kd1 Nf2+ 34.
Kc1 Bxe2 35. Bc3 Bxf1 36. Kb2 Bd3 37. Qa4 Rg7 0-1

[Event "New Zealand Rapid Championship"]
[Site "Wellington"]
[Date "2023.01.11"]
[Round "1.2"]
[White "McDonald, Duncan"]
[Black "Hague, Ben"]
[Result "0-1"]
[TimeControl "25+5"]
[BlackTitle "FM"]
[WhiteFideId "4314433"]
[BlackFideId "405647"]
[WhiteElo "1372"]
[BlackElo "2410"]

1. e4 Nf6 2. e5 Nd5 3. d4 d6 4.
c4 Nb6 5. exd6 cxd6 6. Nc3 g6 7. Be3 Bg7 8. Qd2 O-O 9. Nf3 Bg4 10. Rc1 Bxf3 11. gxf3 Nc6 12. Be2 d5 13. b3 dxc4 14. bxc4 Nxd4 15. c5 Nxe2 16.
Qxe2 Nd5 17. Nxd5 Qxd5 18. O-O Rfd8 19. Rfd1 Qe6 20.
Qb5 Qh3 21. Qxb7 Re8 22. Rd7 Be5 23. f4 Qg4+ 24. Kh1 Bxf4 25. Bxf4 Qxf4 26. Rc2 Rab8 27. c6 Rxb7 28. cxb7 Qe4+ 29.
Kg1 Qxc2 0-1

[Event "New Zealand Rapid Championship"]
[Site "Wellington"]
[Date "2023.01.11"]
[Round "1.3"]
[White "Hwang, Ryan"]
[Black "Van Riemsdijk, Herman C."]
[Result "0-1"]
[TimeControl "25+5"]
[BlackTitle "IM"]
[WhiteFideId "4313313"]
[BlackFideId "2100053"]
[WhiteElo "1402"]
[BlackElo "2370"]

1. e4 e5 2. Nf3 Nc6 3. Bc4 Nf6 4. d3 Be7 5. Nc3 O-O 6. Bd2 d6 7. h3 Na5 8. Bb3 Nxb3 9. axb3 Re8 10. O-O c6 11. Re1 Qc7 12.
Qe2 Bf8 13. Bg5 Nd7 14. Qd2 a6 15. d4 exd4 16. Nxd4 Ne5 17. f4 Ng6 18. Nf3 f6 19. f5 Ne5 20. Bf4 Bd7 21. Rad1 Rad8 22.
Nxe5 dxe5 23. Be3 Bxf5 24. Qf2 Rxd1 25. Rxd1 Be6 26. Kh2 Qf7 27. Na4 g6 28. Bc5 Bg7 29. Qd2 f5 30. Be3 f4 31. Bf2 g5 32. Nc5 Bc8 33. Qb4 b5 34. Qa5 g4 35. hxg4 Bxg4 36.
Rd8 f3 37. Rxe8+ Qxe8 38. Qc3 Qg6 39. Qd2 fxg2 40. Qd8+ Bf8 41. Kxg2 Be2+ 42. Bg3 h6 43. Qd2 Qh5 44. Ne6 Bf3+ 45.
Kf1 Qh1+ 46. Kf2 Qg2+ 47. Ke3 Qxg3 48. Nxf8 Qf4+ 49. Kd3 Bxe4+ 0-1

[Event "New Zealand Rapid Championship"]
[Site "Wellington"]
[Date "2023.01.11"]
[Round "1.4"]
[White "Dive, Russell J"]
[Black "Ulm, Joy"]
[Result "1-0"]
[TimeControl "25+5"]
[WhiteTitle "IM"]
[WhiteFideId "4300106"]
[BlackFideId "0"]
[WhiteElo "2367"]
[BlackElo "1654"]

1. Nf3 d5 2. c4 e6 3. g3 Nf6 4. Bg2 c5 5. O-O Bd6 6. d4 Nc6 7. Nc3 O-O 8. cxd5 exd5 9. Bg5 Be6 10. Rc1 b6 11. Qa4 Rc8 12.
dxc5 bxc5 13. Rfd1 Be7 14. h4 h6 15. Bf4 Qb6 16. Qc2 Rfd8 17. Na4 Qa5 18. a3 Qb5 19. Nc3 Qb6 20. e3 Bg4 21.
Na4 Qb5 22. Rd2 Ne4 23. Nc3 Nxc3 24. Qxc3 Rd7 25. Ne5 Nxe5 26. Bxe5 Bf8 27. Rxd5 Rxd5 28. Bxd5 Qd7 29. Qc4 Be6 30.
Bxe6 Qxe6 31. Qxe6 fxe6 32. Rd1 a5 33. Rd7 Ra8 34.
h5 a4 35. Kg2 Re8 36. Ra7 Be7 37. Rxa4 Bf6 38. Bc3 Bxc3 39. bxc3 Rd8 40. Rc4 Ra8 41. a4 Ra5 42. Kf3 Kf7 43. Ke4 Kf6 44. f4 e5 45. Kd5 exf4 46. exf4 Kf5 47.
Kc6 Kg4 48. Kb6 Ra8 49. a5 Rf8 50. Rxc5 Kxg3 51.
a6 Rf6+ 52. Rc6 1-0

[Event "New Zealand Rapid Championship"]
[Site "Wellington"]
[Date "2023.01.11"]
[Round "1.5"]
[White "Ker, Anthony F"]
[Black "Brockway, Andrew"]
[Result "1-0"]
[TimeControl "25+5"]
[WhiteTitle "IM"]
[WhiteFideId "4300084"]
[BlackFideId "4301340"]
[WhiteElo "2359"]
[BlackElo "1623"]

1. e4 c5 2. Nc3 g6 3. d4 cxd4 4. Qxd4 Nf6 5. e5 Nc6 6. Qf4 Nh5 7. Qe4 d5 8. Qxd5 Be6 9. Qxd8+ Rxd8 10.
Nf3 Nb4 11. Bb5+ Bd7 12. Bf1 Nxc2+ 1-0

[Event "New Zealand Rapid Championship"]
[Site "Wellington"]
[Date "2023.01.11"]
[Round "1.6"]
[White "Croad, Nicolas"]
[Black "List, Robert"]
[Result "1-0"]
[TimeControl "25+5"]
[WhiteTitle "FM"]
[WhiteFideId "4300793"]
[BlackFideId "4303490"]
[WhiteElo "2309"]
[BlackElo "1696"]

1. e4 b6 2. d4 Bb7 3. Bd3 e6 4. Nf3 Nf6 5. Qe2 h5 6. O-O Ng4 7. h3 Nc6 8. c3 Bd6 9. e5 Bf8 10.
hxg4 hxg4 11. Ng5 f6 12.
Bg6+ 1-0

[Event "New Zealand Rapid Championship"]
[Site "Wellington"]
[Date "2023.01.11"]
[Round "1.7"]
[White "Waiwai, Tane"]
[Black "Xie, Felix"]
[Result "0-1"]
[TimeControl "25+5"]
[BlackTitle "CM"]
[WhiteFideId "4318099"]
[BlackFideId "4308174"]
[WhiteElo "1341"]
[BlackElo "2232"]

1. e4 c6 2. d4 d5 3. f3 e6 4.
e5 c5 5.
c3 Nc6 6. f4 Qb6 7. Nf3 Nh6 8. Be2 cxd4 9. cxd4 Nf5 10. Nc3 Ncxd4 11. Na4 Nxf3+ 12. Bxf3 Bb4+ 13. Nc3 Bd7 14. a3 Bxc3+ 15. bxc3 h5 16. Bd2 Bb5 17.
Rb1 Qc5 18. a4 Bc4 19. Rxb7 Ba6 20.
Rb2 Ne3 21. Qc1 Ng4 22. Bxg4 hxg4 23. Be3 Qc4 24. Qc2 Rxh2 25. Rg1 Rc8 26. Bd4 Kf8 27. Bxa7 Qxf4 28. Bd4 g3 29. Rb4 Kg8 30.
Qb1 Rxg2 31. Rxg2 Qf1+ 32. Kd2 Qxg2+ 33. Kc1 Qe2 34. Qc2 Qf1+ 35. Kb2 Bd3 36. Qd2 Qb1+ 37. Ka3 Qa1+ 38. Qa2 Rxc3+ 39. Bxc3 Qxc3+ 40. Rb3 Qc5+ 41. Rb4 Bf1 0-1

[Event "New Zealand Rapid Championship"]
[Site "Wellington"]
[Date "2023.01.11"]
[Round "1.8"]
[White "Carpinter, Anthony L"]
[Black "Farrington, Lawrence B"]
[Result "1-0"]
[TimeControl "25+5"]
[WhiteFideId "4300238"]
[BlackFideId "4301749"]
[WhiteElo "2147"]
[BlackElo "1546"]

1. d4 d6 2. e4 Nf6 3. Nc3 g6 4. Nf3 Bg7 5. Be2 O-O 6. O-O Bg4 7. Be3 e5 8. h3 Bxf3 9. Bxf3 Nc6 10. d5 Ne7 11. Qd2 Nd7 12. Bh6 f5 13. Bxg7 Kxg7 14.
exf5 gxf5 15. Be2 a6 16. a4 Ng6 17. g3 Qf6 18. f4 Ne7 19. Kh2 Kh8 20. Rad1 Rg8 21. Rg1 e4 22. Qd4 Qxd4 23.
Rxd4 Nf6 24. Rdd1 Rae8 25. g4 h6 26. g5 hxg5 27. fxg5 Nd7 28. h4 Ng6 29. Bh5 Rg7 30. Bxg6 Rxg6 31. Rdf1 Re5 32. Kg3 Rg8 33.
Kf4 Rf8 34. h5 Kh7 35. Rf2 Kg7 36. Rh2 Rh8 37. Ke3 Nf8 38. Rhh1 Nh7 39. Kd4 Rhe8 40. g6 1-0

[Event "New Zealand Rapid Championship"]
[Site "Wellington"]
[Date "2023.01.11"]
[Round "1.9"]
[White "Winter, Ryan"]
[Black "Sun, Wanyao Sarah"]
[Result "1/2-1/2"]
[TimeControl "25+5"]
[WhiteFideId "4306295"]
[BlackFideId "4313887"]
[WhiteElo "2117"]
[BlackElo "1270"]

1. e4 c6 2. d4 d5 3. e5 Bf5 4. h4 h5 5. Bd3 Bxd3 6. Qxd3 e6 7. Bg5 Qb6 8. Nd2 c5 9. c4 Qxb2 10.
Rd1 Nc6 11. cxd5 exd5 12. e6 Qxd4 13. exf7+ Kxf7 14. Qf5+ Nf6 15. Bxf6 gxf6 16. Ngf3 Re8+ 17. Kf1 Qg4 18. Qxd5+ Qe6 19.
Qxe6+ Rxe6 20. g3 Bh6 21. Nc4 Rd8 22. Kg2 b5 23. Rxd8 Nxd8 24. Na3 a6 25. Rd1 Nc6 26. Rd7+ Re7 27.
Rd6 Re6 28. Rd7+ Re7 29. Rd6 Re6 30.
Rd7+ Ne7 1/2-1/2

[Event "New Zealand Rapid Championship"]
[Site "Wellington"]
[Date "2023.01.11"]
[Round "1.10"]
[White "Moshakova, Elena"]
[Black "Sole, Michael D"]
[Result "0-1"]
[TimeControl "25+5"]
[WhiteFideId "55701736"]
[BlackFideId "4309030"]
[WhiteElo "1346"]
[BlackElo "2093"]

1. e4 e5 2. Nf3 Nc6 3. d4 exd4 4. Nxd4 Nf6 5. Nc3 Bb4 6. Nxc6 bxc6 7. Bd3 d5 8. O-O Bxc3 9. bxc3 dxe4 10.
Qe1 Qe7 11. Bg5 exd3 12. Bxf6 gxf6 13. Qxe7+ Kxe7 14. cxd3 Be6 15. Rfe1 Rad8 16. d4 Kd6 17. f3 Rb8 18. Rab1 Bxa2 19.
Rxb8 Rxb8 0-1

[Event "New Zealand Rapid Championship"]
[Site "Wellington"]
[Date "2023.01.11"]
[Round "1.11"]
[White "Parfene, Horatiu"]
[Black "Baker, Ilias Angelo (Leo)"]
[Result "1/2-1/2"]
[TimeControl "25+5"]
[WhiteFideId "1208438"]
[BlackFideId "4311116"]
[WhiteElo "2085"]
[BlackElo "1503"]

1. e4 e5 2. Nf3 Nc6 3. Bb5 a6 4. Ba4 Nf6 5. O-O b5 6. Bb3 Bc5 7. d3 d6 8. h3 Na5 9. Bg5 Nxb3 10. axb3 h6 11. Bh4 g5 12. Bg3 Bb6 13. Re1 Nh5 14. Kh2 Nf4 15.
d4 f6 16. Bxf4 gxf4 17. Nh4 Be6 18. Nf5 Qd7 19. dxe5 fxe5 20. Qh5+ Qf7 21. Ng7+ Kd7 22. Qxf7+ Bxf7 23. f3 Bf2 24.
Re2 Bg3+ 25. Kg1 Bg6 26. Nc3 Rhg8 27. Nf5 Bxf5 28. exf5 c6 29. Rd2 Rgf8 30. Ne4 d5 31. Nc5+ Kd6 32. b4 Rxf5 33. Rxa6 Rxa6 34. Nxa6 Rf7 35. Nc5 Be1 36. Re2 Bxb4 37.
Nd3 Bc5+ 38. Kf1 Be3 39. g3 Rg7 40.
g4 Ra7 41. h4 c5 42. Kg2 Ra1 43. Re1 Rxe1 44. Nxe1 Bc1 45. b3 e4 46. g5 hxg5 47. hxg5 1/2-1/2

[Event "New Zealand Rapid Championship"]
[Site "Wellington"]
[Date "2023.01.11"]
[Round "1.12"]
[White "Cummings, Nick"]
[Black "Cooke, Xandi"]
[Result "1-0"]
[TimeControl "25+5"]
[WhiteFideId "4301218"]
[BlackFideId "4314611"]
[WhiteElo "2038"]
[BlackElo "1415"]

1. Nf3 d5 2. c4 dxc4 3. e3 Bg4 4.
Bxc4 e6 5. Qb3 Qc8 6. Be2 Bd6 7. Qa4+ Qd7 8. Qxg4 f6 9. Nc3 a6 10. Qa4 Qxa4 11. Nxa4 Ne7 12. O-O Nbc6 13. d4 e5 14.
dxe5 Nxe5 15. Nxe5 fxe5 16. b3 Nd5 17. Bb2 Nb4 18. a3 Nc6 19. Bf3 O-O-O 20. Bxc6 bxc6 21. Rac1 Kb7 22. Rc4 Rhe8 23. e4 Re6 24. Nc5+ Bxc5 25.
Rxc5 Rd3 26. b4 g6 27. Ra5 Rb3 28. Bxe5 Kb6 29. Bd4+ Kb7 30. f3 Rd6 31. Rd1 Rc3 32. Bxc3 Rxd1+ 33. Kf2 Rc1 34. Bf6 Rd1 35. e5 Rd7 36. e6 1-0

[Event "New Zealand Rapid Championship"]
[Site "Wellington"]
[Date "2023.01.11"]
[Round "1.13"]
[White "Burns, Christopher J"]
[Black "Li, Cheng Yang (Charlie)"]
[Result "1-0"]
[TimeControl "25+5"]
[WhiteFideId "4300920"]
[BlackFideId "4306015"]
[WhiteElo "2031"]
[BlackElo "1468"]

1. e4 e6 2. d4 d5 3. e5 c5 4.
c3 Nc6 5. Nf3 Qb6 6. Bd3 cxd4 7. O-O Bd7 8. Re1 Bc5 9. Re2 Nge7 10. b4 dxc3 11. bxc5 Qxc5 12. Ba3 Qa5 13. Qb3 d4 14. Bd6 Qb6 15. Na3 Qxb3 16. axb3 a6 17. Nc2 f6 18. exf6 gxf6 19. Nfxd4 Kf7 20. Bc4 Nd5 21. Nxc6 Bxc6 22.
Nd4 Rhe8 23. Nxc6 bxc6 24. g3 a5 25. f4 Nb6 26. Bd3 Red8 27. Bc5 Rxd3 28. Bxb6 Rd2 29. Kf1 Rb2 30. Rxb2 cxb2 31. Rb1 Rb8 32. Bxa5 Rxb3 33. Ke2 c5 34. Kd2 c4 35. Bc3 Kg6 36.
Rxb2 f5 37. Rxb3 cxb3 38. Ke3 h5 39. h4 Kf7 40. Kd4 Ke8 41. Ke5 Ke7 42. Bb4+ Kf7 43. Ba3 b2 44. Bxb2 Ke7 45. Ba3+ Kf7 46. Bb4 1-0

[Event "New Zealand Rapid Championship"]
[Site "Wellington"]
[Date "2023.01.11"]
[Round "1.14"]
[White "Liu, Richard Jingjie"]
[Black "Nyberg, Michael"]
[Result "0-1"]
[TimeControl "25+5"]
[WhiteFideId "4316967"]
[BlackFideId "4301064"]
[WhiteElo "1154"]
[BlackElo "1951"]

1. e4 e5 2. Nf3 Nc6 3. Bc4 Nf6 4.
Ng5 d5 5. exd5 Na5 6. Bb5+ c6 7. dxc6 bxc6 8. Bd3 Nd5 9. Ne4 Be6 10. a3 Nf4 11. Qf3 Nxd3+ 12. Qxd3 Qxd3 13. cxd3 Rd8 14. b4 Nb7 15. Bb2 f6 16. Ke2 Be7 17.
Rc1 Bd5 18. Nbc3 O-O 19. Nxd5 cxd5 20. Nc5 Bxc5 21. bxc5 Na5 22. Rab1 Nb3 23. Rc3 Nd4+ 24. Ke3 Rb8 25. Rcc1 Nb3 26. Rc3 d4+ 27. Ke2 dxc3 28. dxc3 Nxc5 29. d4 exd4 30. cxd4 Na4 0-1

[Event "New Zealand Rapid Championship"]
[Site "Wellington"]
[ePGN "0.1;DGT LiveChess/2.2.5"]
[Date "2023.01.11"]
[Round "2.1"]
[White "Shoker, Samy"]
[Black "Wang, Justin Zhide"]
[Result "1-0"]
[TimeControl "25+5"]
[WhiteTitle "GM"]
[WhiteFideId "627143"]
[BlackFideId "4312830"]
[WhiteElo "2440"]
[BlackElo "1619"]

1. Nf3 e6 2. g3 Nf6 3. Bg2 d5 4. O-O Be7 5. c4 c6 6. b3 O-O 7. Bb2 Bd6 8. d3 Nbd7 9. Nc3 b6 10.
cxd5 cxd5 11. Nb5 Qe7 12. Nxd6 Qxd6 13. a4 Rd8 14. Ba3 Qb8 15. Nd4 Bb7 16. Nb5 Nf8 17. Be7 Rd7 18. Bxf6 gxf6 19.
d4 a6 20. Nc3 Qc7 21. Rc1 Qd6 22. e3 Rc8 23. Qg4+ Kh8 24. Ne2 Rxc1 25. Rxc1 Rc7 26. Rxc7 Qxc7 27. Qh4 Qe7 28. Qf4 e5 29. Qh6 Ne6 30. h4 a5 31.
Bh3 Ng7 32. dxe5 Qxe5 33. Nd4 Kg8 34. Bf1 Ne6 35. Bd3 1-0

[Event "New Zealand Rapid Championship"]
[Site "Wellington"]
[Date "2023.01.11"]
[Round "2.2"]
[White "Hague, Ben"]
[Black "Wells, Clinton A"]
[Result "1-0"]
[TimeControl "25+5"]
[WhiteTitle "FM"]
[WhiteFideId "405647"]
[BlackFideId "4301188"]
[WhiteElo "2410"]
[BlackElo "1785"]

1. d4 d6 2. e4 Nf6 3. Nc3 c6 4. f4 Qa5 5. e5 Ne4 6. Qf3 Nxc3 7. Bd2 Qd5 8. Qxc3 Bg4 9. Qe3 dxe5 10.
fxe5 h5 11. c4 Qd7 12. h3 Bf5 13. Nf3 g6 14. Qc3 Na6 15. b4 Nc7 16. Be2 Bh6 17. Bxh6 Rxh6 18. O-O Ne6 19. Rad1 Nf4 20.
Qe3 g5 21. Nxg5 Nxe2+ 22. Qxe2 e6 23. Ne4 Bxe4 24. Qxe4 O-O-O 25. Rf4 Qe7 26. a3 Rg6 27. Rdf1 Rf8 28. Qxg6 1-0

[Event "New Zealand Rapid Championship"]
[Site "Wellington"]
[Date "2023.01.11"]
[Round "2.3"]
[White "Van Riemsdijk, Herman C."]
[Black "Malcolm, Aidan"]
[Result "1-0"]
[TimeControl "25+5"]
[WhiteTitle "IM"]
[WhiteFideId "2100053"]
[BlackFideId "4315073"]
[WhiteElo "2370"]
[BlackElo "1593"]

1. e4 d6 2. d4 Nf6 3. Nc3 Nbd7 4. f4 e5 5. Nf3 exd4 6. Qxd4 c6 7. Be3 d5 8. e5 Ng4 9. Bg1 Bc5 10.
Qd2 Bxg1 11. Rxg1 Qb6 12. Na4 Qe3+ 13. Qxe3 Nxe3 14. Bd3 c5 15. Ke2 d4 16. c4 b6 17. Nc3 Nxc4 18. Nb5 Nxb2 19.
Nd6+ Ke7 20. Bb5 1-0

[Event "New Zealand Rapid Championship"]
[Site "Wellington"]
[Date "2023.01.11"]
[Round "2.4"]
[White "Ha, Timothy Huy Minh"]
[Black "Dive, Russell J"]
[Result "1/2-1/2"]
[TimeControl "25+5"]
[BlackTitle "IM"]
[WhiteFideId "12417246"]
[BlackFideId "4300106"]
[WhiteElo "1549"]
[BlackElo "2367"]

1. d4 Nf6 2. Nf3 c5 3. d5 g6 4. Nc3 Bg7 5. Nd2 O-O 6. e4 d6 7. Be2 Na6 8. O-O Nc7 9. a4 b6 10.
Rb1 Rb8 11. Qe1 a6 12. f4 b5 13. axb5 axb5 14. Bf3 b4 15.
Nd1 Ba6 16. Be2 Bxe2 17. Qxe2 Nb5 18. Nf3 Qb6 19. h3 e6 20. dxe6 fxe6 21. c4 bxc3 22. bxc3 Qc6 23. e5 dxe5 24.
Nxe5 Qe8 25. Qd3 Nd5 26. Bd2 c4 27. Qxc4 Na3 28. Rxb8 Qxb8 29. Qe2 Qa7+ 30. Kh2 Nb1 31. Bc1 Nbxc3 32. Nxc3 Nxc3 33. Qc4 Nd5 34. Qe2 Qa4 35. Nxg6 Re8 36. Ne5 Nc3 37. Qc4 Qxc4 38. Nxc4 Ne2 39. Be3 Rc8 40. Ne5 Rc3 41.
Bg1 Nxf4 42. Bd4 Ne2 43. Bxc3 Nxc3 44. Nf3 Bf6 45. Rc1 Kf7 46. g4 Kg6 47. Kg2 Nd5 48. Rc6 h5 49. g5 Nf4+ 50.
Kg3 Bxg5 51. Nxg5 Kxg5 52. h4+ Kf5 53. Ra6 Nd5 54. Ra8 Nf6 55. Rh8 e5 56. Kf3 e4+ 57. Kg3 e3 58. Ra8 Ke4 59. Ra4+ Kd3 60. Ra3+ Ke4 61.
Ra4+ Kd3 1/2-1/2

[Event "New Zealand Rapid Championship"]
[Site "Wellington"]
[Date "2023.01.11"]
[Round "2.5"]
[White "Park-Tamati, Philli"]
[Black "Ker, Anthony F"]
[Result "1-0"]
[TimeControl "25+5"]
[BlackTitle "IM"]
[WhiteFideId "4309090"]
[BlackFideId "4300084"]
[WhiteElo "1861"]
[BlackElo "2359"]

1. d4 Nf6 2. Bf4 e6 3. e3 c5 4.
c3 b6 5.
Nd2 Bb7 6. Ngf3 Be7 7. h3 cxd4 8. cxd4 O-O 9. Bd3 Nd5 10. Bg3 Nb4 11. Be2 Ba6 12. O-O Bxe2 13. Qxe2 d6 14. a3 Nd5 15. e4 Nf6 16. Rac1 Nbd7 17.
Qa6 e5 18. Rfd1 exd4 19. b4 Nh5 20. Bh2 Bg5 21. Bxd6 Re8 22. Qb5 Bxd2 23. Rxd2 Nhf6 24. e5 Ne4 25. Rxd4 Ng5 26. Nxg5 Qxg5 27. f4 Qg3 28. Qd3 Qxd3 29.
Rxd3 f6 30. Rc7 Rad8 31. Rxa7 fxe5 32. Bc7 e4 33. Rd1 Ra8 34. Rxa8 Rxa8 35. Rxd7 Rxa3 36. Re7 Rb3 37. Rxe4 Kf7 38. Bxb6 Kf6 39. Bc5 Kf5 40.
Rd4 h5 41. Rd5+ Kxf4 42. Rxh5 g5 43.
h4 g4 44. Bd6+ Ke4 45. Re5+ Kd4 46. Re1 g3 47. h5 Ra3 48. h6 Kd5 49. h7 Ra8 50. Be5 1-0

[Event "New Zealand Rapid Championship"]
[Site "Wellington"]
[Date "2023.01.11"]
[Round "2.6"]
[White "Yu, Zachary"]
[Black "Croad, Nicolas"]
[Result "0-1"]
[TimeControl "25+5"]
[BlackTitle "FM"]
[WhiteFideId "4311930"]
[BlackFideId "4300793"]
[WhiteElo "1675"]
[BlackElo "2309"]

1. d4 Nf6 2. c4 e6 3. Nf3 d5 4. g3 Bb4+ 5. Bd2 Be7 6. Bg2 O-O 7. O-O c6 8.
Qc2 Nbd7 9. Rd1 b6 10. Bf4 Ba6 11.
b3 Rc8 12. Nc3 Nh5 13. Bc1 f5 14. cxd5 cxd5 15. Bb2 Qe8 16. Qd2 Nhf6 17. Rac1 Bb4 18. Ne5 Nxe5 19. dxe5 Ne4 20. Bxe4 fxe4 21.
a3 Bc5 22. e3 Qh5 23. b4 Be7 24. b5 Bb7 25. Qe2 Qg6 26. Nb1 Rxc1 27. Rxc1 Rc8 28. Rxc8+ Bxc8 29. Qc2 Qe8 30. a4 Bd7 31. Nd2 Qc8 32. Qxc8+ Bxc8 33. Nb3 Kf7 34. Nd4 Bd7 35. Kg2 Ke8 36. g4 Kd8 37. Kg3 Kc7 38. h4 Kb7 39. g5 a6 40. f4 exf3 41.
Kxf3 axb5 42. Nxb5 Ka6 43. Nc7+ Ka5 44. e4 dxe4+ 45. Kxe4 Bd8 46. Bc3+ Kxa4 47. Na6 Be7 48. Bd2 Kb5 49.
Nc7+ Kc4 50. h5 g6 51. Na6 b5 52. hxg6 hxg6 53. Nb8 Be8 54. Kf3 b4 55. Ke2 Bb5 56. Kd1 b3 57. Kc1 Ba3+ 58. Kb1 Kd4 0-1

[Event "New Zealand Rapid Championship"]
[Site "Wellington"]
[Date "2023.01.11"]
[Round "2.7"]
[White "Xie, Felix"]
[Black "Yu, Weiyang (Cadence)"]
[Result "1-0"]
[TimeControl "25+5"]
[WhiteTitle "CM"]
[WhiteFideId "4308174"]
[BlackFideId "4313135"]
[WhiteElo "2232"]
[BlackElo "1433"]

1. d4 d5 2. c4 e6 3. Nf3 a6 4. Bg5 Be7 5.
Bxe7 Qxe7 6. Nbd2 Nf6 7. g3 O-O 8. Bg2 Bd7 9. O-O Nc6 10. Qc2 dxc4 11. Nxc4 Rab8 12. Rfd1 b5 13. Nce5 Nxe5 14.
Nxe5 Rfc8 15. Bc6 Rb6 16. Rac1 Be8 17. Bxe8 Nxe8 18. Nd3 Nd6 19. Nc5 Nb7 20. Qe4 Nxc5 21. dxc5 Rbb8 22. Qc6 Rd8 23.
Rxd8+ Rxd8 24. Qxa6 Qd7 25. Rc3 Qd1+ 26. Kg2 Qd5+ 27. f3 Rb8 28. Qa7 Qb7 29. Ra3 g6 30. c6 Qxa7 31. Rxa7 Rb6 32. Rxc7 Kg7 33. e4 Ra6 34.
a3 Rb6 35. Kf2 Kf6 36. Ke3 e5 37. Kd3 Ke6 38. Rb7 Rxc6 39. Rxb5 Rd6+ 40. Rd5 Rb6 41. b4 Ra6 42. Ra5 Rd6+ 43. Ke3 f5 44. Rd5 Ra6 45.
Rd3 Rb6 46. Rb3 g5 47. exf5+ Kxf5 48. a4 Ra6 49. a5 g4 50. fxg4+ Kxg4 51. Ra3 Kh3 52. b5 Ra8 53. b6 Kxh2 54.
b7 Rb8 55. a6 1-0

[Event "New Zealand Rapid Championship"]
[Site "Wellington"]
[Date "2023.01.11"]
[Round "2.8"]
[White "Gan, Emily Cathay"]
[Black "Carpinter, Anthony L"]
[Result "0-1"]
[TimeControl "25+5"]
[WhiteFideId "4310608"]
[BlackFideId "4300238"]
[WhiteElo "1632"]
[BlackElo "2147"]

1. c4 e6 2. Nc3 d5 3. d4 Nf6 4. Nf3 Be7 5. Bf4 O-O 6. h3 b6 7. cxd5 Nxd5 8. Nxd5 Qxd5 9. a3 Ba6 10.
Bxc7 Nc6 11. g3 Rac8 12. Bf4 Rfd8 13. Be3 e5 14. dxe5 Qb5 15. Qb1 Na5 16. Bd4 Nb3 17. e3 Qa5+ 18.
Bc3 Rxc3 0-1

[Event "New Zealand Rapid Championship"]
[Site "Wellington"]
[Date "2023.01.11"]
[Round "2.9"]
[White "Sole, Michael D"]
[Black "Gilmore, Blake"]
[Result "1-0"]
[TimeControl "25+5"]
[WhiteFideId "4309030"]
[BlackFideId "4317548"]
[WhiteElo "2093"]
[BlackElo "1462"]

1. e4 d6 2. d4 Nf6 3. Nc3 g6 4. Nf3 Bg7 5. Be2 O-O 6. O-O Nbd7 7. h3 e5 8. dxe5 Nxe5 9. Nxe5 dxe5 10.
Be3 a6 11. Bc4 c6 12. a4 Re8 13. a5 Be6 14. Qe2 Bxc4 15. Qxc4 Qe7 16. Rfd1 Rad8 17. Bb6 Rxd1+ 18. Rxd1 Nd7 19.
Qb3 Nxb6 20. Qxb6 h5 21. Na4 Bf8 22. c3 Rc8 23. b4 Qc7 24. Qe3 c5 25. Nb6 Rd8 26. Nd5 Qc6 27. Qg5 Qc8 28.
Qxe5 cxb4 29. cxb4 Bg7 30. Qg5 Bf8 31. Rc1 Qb8 32. Qf6 Rc8 33. Rd1 Rd8 34. Qb6 Kg7 35. Qd4+ Kh6 36. Qh8+ Kg5 37. f4+ Qxf4 38. Nxf4 Bc5+ 39. bxc5 Rxh8 40. Nd5 Rd8 41.
Kf2 f5 42. e5 Re8 43. Re1 f4 44. e6 Kf5 45. e7 g5 46. Nc7 1-0

[Event "New Zealand Rapid Championship"]
[Site "Wellington"]
[Date "2023.01.11"]
[Round "2.10"]
[White "Malcolm, Leo"]
[Black "Cummings, Nick"]
[Result "0-1"]
[TimeControl "25+5"]
[WhiteFideId "4317408"]
[BlackFideId "4301218"]
[WhiteElo "1801"]
[BlackElo "2038"]

1. e4 c6 2. Bc4 d5 3. Bb3 e6 4.
d4 dxe4 5. f3 exf3 6. Nxf3 Nf6 7. O-O Be7 8. Nbd2 c5 9. c3 cxd4 10. cxd4 Nbd7 11. Qe1 Nb6 12. Nc4 Nxc4 13. Bxc4 Bd7 14.
Ne5 Rc8 15. Bg5 O-O 16. Qh4 Nd5 17. Bxe7 Nxe7 18. Rf3 Ng6 19. Nxg6 Qxh4 20. Nxh4 Rxc4 21. Rd3 Bc6 22. Rad1 Rd8 23.
b3 Rc2 24. R1d2 Rxd2 25. Rxd2 Kf8 26. Kf2 e5 27. Nf3 Bxf3 28. Kxf3 Rxd4 29. Rc2 Rd7 30. b4 f6 31. a4 Ke7 32.
b5 Kd8 33. a5 Rd5 34. b6 Rxa5 35. Rc7 axb6 36. Rxb7 Rb5 37. Kg4 e4 38. h3 Re5 39. g3 e3 40. Ra7 e2 41. Kh4 e1=Q 42.
Ra8+ Kc7 43. Ra7+ Kb8 44. Ra4 Re4+ 45. Rxe4 Qxe4+ 46. g4 g5+ 47. Kh5 Qg6# 0-1

[Event "New Zealand Rapid Championship"]
[Site "Wellington"]
[Date "2023.01.11"]
[Round "2.11"]
[White "Van Der Krogt, Adrian"]
[Black "Burns, Christopher J"]
[Result "0-1"]
[TimeControl "25+5"]
[WhiteFideId "4319567"]
[BlackFideId "4300920"]
[WhiteElo "1133"]
[BlackElo "2031"]

1. e4 e5 2. Nf3 Nc6 3. d4 exd4 4. Bc4 Nf6 5. O-O Nxe4 6. Re1 d5 7. Bd3 Be7 8. Bxe4 dxe4 9. Rxe4 O-O 10.
c3 dxc3 11. Qxd8 Rxd8 12. Nxc3 Be6 13. Bf4 Rd7 14. a3 h6 15. Ree1 Rad8 16. h3 a6 17. Rac1 Bf6 18. b4 Nd4 19.
Nd2 c6 20. Nde4 Be7 21. Na4 Nb3 22.
Rc3 Rd4 23. Bc7 R8d7 24. Bb6 Rd1 25.
Kf1 f5 26. Nec5 Bxc5 27. Nxc5 Nxc5 28. Bxc5 Rxe1+ 29. Kxe1 Bd5 30. Re3 Bxg2 31. h4 Kf7 32. Ke2 Be4 33. a4 Rd5 34. a5 Kf6 0-1

[Event "New Zealand Rapid Championship"]
[Site "Wellington"]
[Date "2023.01.11"]
[Round "2.12"]
[White "Nyberg, Michael"]
[Black "Zhang, Franklyn"]
[Result "1-0"]
[TimeControl "25+5"]
[WhiteFideId "4301064"]
[BlackFideId "4311051"]
[WhiteElo "1951"]
[BlackElo "648"]

1. e4 e5 2. Nf3 Nc6 3. Bc4 Bc5 4. c3 Nf6 5. d3 d6 6. h3 h6 7. Nbd2 Be6 8. b4 Bb6 9. a4 a6 10.
Qb3 d5 11. exd5 Bxd5 12. O-O O-O 13. Qc2 Re8 14. Bb2 Bxf3 15. Nxf3 e4 16. dxe4 Nxe4 17. Rad1 Qf6 18. Bd5 Ng5 19.
c4 Nxf3+ 20. Bxf3 Qg5 21. b5 axb5 22. axb5 Na5 23. Rd5 Qf4 24. Qc3 f6 25. c5 c6 26. Rd7 Bd8 27. bxc6 bxc6 28.
Bh5 Rf8 29. Bc1 Qf5 30. Bg4 Qg6 31. Qf3 f5 32. Bh5 Qe6 33. Rfd1 Qe5 34. Bf4 Qb2 35. Qg3 Nb3 36. Be5 1-0

[Event "New Zealand Rapid Championship"]
[Site "Wellington"]
[Date "2023.01.11"]
[Round "2.13"]
[White "Zhu, David Junyang"]
[Black "Ning, Isabelle Yixuan"]
[Result "1-0"]
[TimeControl "25+5"]
[BlackTitle "WCM"]
[WhiteFideId "4311132"]
[BlackFideId "4307763"]
[WhiteElo "1470"]
[BlackElo "1911"]

1. d4 Nf6 2. c4 g6 3. g3 Bg7 4. Bg2 O-O 5. Nc3 d6 6. Nf3 Nbd7 7. O-O e5 8. dxe5 dxe5 9. Bg5 c6 10.
e4 Qc7 11. h3 Nc5 12. Qc2 Ne6 13. Be3 b5 14. cxb5 cxb5 15. Rac1 a6 16. Rfd1 Bb7 17. Qb1 Bc6 18. Nd5 Qb7 19.
Rxc6 Nxd5 20. exd5 Rad8 21. Rcc1 Rxd5 22. Nd2 Nd4 23. Bxd4 exd4 24. Rc5 Rfd8 25. Rxd5 Rxd5 26. Qe4 Qc7 27.
Qe8+ Bf8 28. Bxd5 1-0